 Dungeon Crawl Stone Soup version 0.19.1-1-g22dce08 (webtiles) character file.

95 dngmouse the Chopper (level 4, -7/40 HPs)
             Began as a Minotaur Berserker on Jan 19, 2017.
             Was a Believer of Trog.
             Mangled by Prince Ribbit (13 damage)
             ... on level 5 of the Dungeon.
             The game lasted 00:06:22 (1794 turns).

dngmouse the Chopper (Minotaur Berserker)           Turns: 1794, Time: 00:06:22

Health: -7/40      AC: 12    Str: 21    XL:     4   Next: 39%
Magic:  3/3        EV:  6    Int:  4    God:    Trog [**....]
Gold:   153        SH:  0    Dex: 11    Spells: 0 memorised, 3 levels left

rFire  . . .     SeeInvis .     a - +0 hand axe
rCold  . . .     Gourm    .     p - +0 plate armour
rNeg   . . .     Faith    .     (no shield)
rPois  .         Spirit   .     (helmet restricted)
rElec  .         Reflect  .     (no cloak)
rCorr  .         Harm     .     m - +0 pair of gloves
MR     ++...                    (no boots)
Stlth  ..........               (no amulet)
                                (no ring)
                                (no ring)

@: exhausted, regenerating, slowed, very slow
A: retaliatory headbutt, horns 2
a: Berserk, Trog's Hand, Burn Spellbooks, Renounce Religion


You were on level 5 of the Dungeon.
You worshipped Trog.
Trog was pleased with you.
You were hungry.

You visited 1 branch of the dungeon, and saw 4 of its levels.

You collected 153 gold pieces.

Inventory:

Hand Weapons
 a - a +0 hand axe (weapon)
Armour
 m - a +0 pair of gloves (worn)
 p - a +0 plate armour (worn)
Scrolls
 d - 2 scrolls of immolation {unknown}
 e - a scroll of enchant armour {unknown}
 j - a scroll of remove curse {unknown}
 k - 2 scrolls of fear {unknown}
 o - a scroll of recharging {unknown}
Potions
 g - a potion of magic {unknown}
 h - 3 potions of curing {unknown}
 i - a potion of flight {unknown}
 l - a potion of cancellation {unknown}
 n - a potion of heal wounds {unknown}
Comestibles
 c - 2 bread rations


   Skills:
 - Level 4.0 Fighting
 * Level 6.1 Axes
 - Level 2.4 Armour
 - Level 2.1 Dodging


You had 3 spell levels left.
You didn't know any spells.

Dungeon Overview and Level Annotations

Branches:
Dungeon (3/15)

Altars:
Gozag
Makhleb
Trog

Annotations:
D:5 Prince Ribbit


Innate Abilities, Weirdness & Mutations

You reflexively headbutt those who attack you in melee.
You have a pair of horns on your head.


Message History

Prince Ribbit closely misses you. Prince Ribbit hits you.
You slash Prince Ribbit! Your headbutt misses Prince Ribbit.
Prince Ribbit is severely wounded.
Prince Ribbit blinks!
You hit Prince Ribbit but do no damage. Your headbutt misses Prince Ribbit.
Prince Ribbit is severely wounded.
You feel the effects of Trog's Hand fading.
Prince Ribbit blinks!
Prince Ribbit hits you! Prince Ribbit barely misses you.
You barely miss Prince Ribbit. You headbutt Prince Ribbit.
Prince Ribbit is heavily wounded.
Prince Ribbit hits you!
* * * LOW HITPOINT WARNING * * *
Prince Ribbit barely misses you.
You hit Prince Ribbit.
Prince Ribbit is severely wounded.
Prince Ribbit hits you.
* * * LOW HITPOINT WARNING * * *
Prince Ribbit hits you!
You die...

#..# .#
#.##..###. .
......... ... ..
..... ...###.
....
....#.##..#####
....)........#
...#.#.##.#######
.......@.........
##.#.#F##.###....
#.........# ##
#.#.#.##.....#
#.#. #..##.# . ..
...# # . .#. ##.#
###### .# ..


You could see Prince Ribbit.

Vanquished Creatures
  Jessica (D:2)
  An adder (D:2)
  A gnoll (D:1)
  An ooze (D:1)
  3 worms (D:2)
  A dart slug (D:1)
  2 giant cockroaches
  5 goblins
  5 hobgoblins
  A quokka (D:2)
  A ball python (D:2)
  6 bats
  4 frilled lizards
  3 kobolds
  4 rats
39 creatures vanquished.

Notes
Turn   | Place    | Note
-------+----------+-------------------------------------------
     0 | D:1      | dngmouse the Minotaur Berserker began the quest for the Orb.
     0 | D:1      | Reached XP level 1. HP: 19/19 MP: 0/0
    62 | D:1      | Reached skill level 4 in Axes
    63 | D:1      | Reached XP level 2. HP: 27/27 MP: 1/1
   328 | D:1      | Reached XP level 3. HP: 9/33 MP: 2/2
   887 | D:2      | Reached skill level 5 in Axes
   994 | D:2      | Noticed Jessica
   998 | D:2      | Killed Jessica
   998 | D:2      | Reached ** piety under Trog
  1003 | D:2      | Reached XP level 4. HP: 39/40 MP: 3/3
  1147 | D:2      | Found a bloodstained altar of Trog.
  1149 | D:2      | Found a burning altar of Makhleb.
  1250 | D:2      | Reached skill level 6 in Axes
  1600 | D:2      | Found an opulent altar of Gozag.
  1773 | D:3      | You fall through a shaft for 2 floors!
  1773 | D:5      | Entered Level 5 of the Dungeon
  1773 | D:5      | Noticed Prince Ribbit
  1794 | D:5      | Mangled by Prince Ribbit

Skill      XL: |  1  2  3  4 |
---------------+-------------+-----
Axes           | 4 5 6 |  6.1
Fighting       | 4 |  4.0
Armour         | |  2.4
Dodging        | |  2.1

Action                   |  1- 3 |  4- 6 || total
-------------------------+-------+-------++-------
Melee: Hand axe          |    45 |    49 ||    94
       Headbutt          |     7 |     7 ||    14
Invok: Berserk           |     1 |     1 ||     2
       Trog's Hand       |       |     1 ||     1
  Eat: Chunk             |     1 |     3 ||     4
Armor: Animal skin       |     9 |       ||     9
       Chain mail        |    10 |     2 ||    12
       Plate armour      |       |    24 ||    24
Dodge: Dodged            |    37 |    17 ||    54
